 Dungeon Crawl Stone Soup version 0.17.1-1-g73c8601 (webtiles) character file.

389760 Arkorax the Warrior (level 23, -6/129 HPs)
             Began as a Vine Stalker Monk on Dec 25, 2015.
             Was a High Priest of Lugonu.
             Mangled by a stone giant (19 damage)
             ... on level 4 of the Depths on Dec 26, 2015.
             The game lasted 02:20:20 (55762 turns).

Arkorax the Warrior (Vine Stalker Monk)            Turns: 55762, Time: 02:20:20

Health: -6/129     AC: 26    Str: 18    XL:     23   Next: 7%
Magic:  0/49       EV: 12    Int: 13    God:    Lugonu [*****.]
Gold:   2323       SH: 13    Dex: 23    Spells: 2 memorised, 36 levels left

rFire  + . .     SeeInvis +       - Unarmed
rCold  . . .     Clarity  .     S - +7 faerie dragon armour {rF+ Regen+ SInv}
rNeg   + . .     SustAt   .     N - +0 shield
rPois  .         Gourm    .     w - +2 hat {Int+3}
rElec  .         Spirit   +     E - +0 cloak
rCorr  .         Warding  +     f - +2 pair of gloves
rMut   .         Stasis   .     L - +2 pair of boots of the Assassin {DetectMon Stab+ Stlth++}
MR     +++..                    A - macabre finger necklace {Ward rN+}
Stlth  ++++++++..               G - ring of stealth
                                y - ring of magical power
                                t - ring of protection from magic

@: extremely resistant to hostile enchantments, extraordinarily stealthy
A: fangs 3, regeneration 3, magic shield, antimagic bite, no device heal 3, rot
immunity
a: Depart the Abyss, Bend Space, Banish, Corrupt, Enter the Abyss, Renounce
Religion
}: 2/15 runes: decaying, gossamer


You were on level 4 of the Depths.
You worshipped Lugonu.
Lugonu was extremely pleased with you.
You were hungry.

You visited 8 branches of the dungeon, and saw 45 of its levels.
You visited the Abyss 1 time.
You visited 1 bazaar.
You also visited: Sewer.

You collected 20252 gold pieces.
You spent 5368 gold pieces at shops.
You paid 12561 gold pieces to Gozag.

Inventory:

Hand Weapons
 Y - a +7 quick blade of flaming
Armour
 f - a +2 pair of gloves (worn)
 w - a +2 hat of intelligence (worn)
 E - a +0 cloak (worn)
 L - the +2 pair of boots of the Assassin (worn) {DetectMon Stab+ Stlth++}
   (You bought it in a shop on level 8 of the Dungeon)

   It makes you much more stealthy.
 N - a +0 shield (worn)
 S - the +7 faerie dragon armour (worn) {rF+ Regen+ SInv}
   (You took it off the Enchantress on level 1 of the Depths)

   It protects you from fire.
   It lets you see invisible.
   It increases your rate of regeneration.
Jewellery
 t - a ring of protection from magic (on amulet)
 y - a ring of magical power (left hand)
 A - the macabre finger necklace (around neck) {Ward rN+}
   (You found it on level 3 of the Swamp)

   [amulet of warding]

   It may prevent the melee attacks of summoned creatures.
   It protects you from negative energy.
 G - a ring of stealth (right hand)
 O - an uncursed ring of poison resistance
Wands
 o - a wand of teleportation (6)
 u - a wand of draining (10)
 D - a wand of digging (7)
 F - a wand of confusion (20)
 T - a wand of digging (5)
 W - a wand of draining (1)
 X - a wand of invisibility (1)
Scrolls
 d - a scroll of teleportation
 j - 5 scrolls of magic mapping
 l - 12 scrolls of identify
 B - 2 scrolls of enchant armour
 C - a scroll of amnesia
 I - 19 scrolls of remove curse
 Z - 3 scrolls of blinking
Potions
 e - 3 potions of ambrosia
 h - a potion of resistance
 i - 14 potions of haste
 m - 7 potions of flight
 n - a potion of berserk rage
 q - 4 potions of curing
 v - a potion of invisibility
 J - 6 potions of brilliance
 R - a potion of cure mutation
 V - a potion of might
Books
 a - a book of Enchantments

   Spells                             Type                      Level
   a - Cause Fear                     Hexes                        4
   b - Silence                        Hexes/Air                    5
   c - Deflect Missiles               Charms/Air                   6
   d - Haste                          Charms                       6
   e - Discord                        Hexes                        8
 k - a book of the Tempests

   Spells                             Type                      Level
   a - Static Discharge               Conjuration/Air              3
   b - Lightning Bolt                 Conjuration/Air              5
   c - Fireball                       Conjuration/Fire             5
   d - Tornado                        Air                          9
   e - Shatter                        Earth                        9
 r - a book of Summonings

   Spells                             Type                      Level
   a - Recall                         Summoning/Translocation      3
   b - Aura of Abjuration             Summoning                    5
   c - Shadow Creatures               Summoning                    5
   d - Summon Demon                   Summoning                    5
   e - Summon Forest                  Summoning/Translocation      5
   f - Summon Mana Viper              Hexes/Summoning              5
 x - a book of Debilitation

   Spells                             Type                      Level
   a - Corona                         Hexes                        1
   b - Slow                           Hexes                        2
   c - Gell's Gravitas                Hexes/Translocation          3
   d - Inner Flame                    Hexes/Fire                   3
   e - Cause Fear                     Hexes                        4
   f - Leda's Liquefaction            Hexes/Earth                  4
 z - a Grand Grimoire

   Spells                             Type                      Level
   a - Monstrous Menagerie            Summoning                    6
   b - Summon Greater Demon           Summoning                    7
   c - Malign Gateway                 Summoning/Translocation      7
   d - Summon Horrible Things         Summoning                    8
 H - a book of the Earth

   Spells                             Type                      Level
   a - Leda's Liquefaction            Hexes/Earth                  4
   b - Bolt of Magma                  Conjuration/Fire/Earth       5
   c - Statue Form                    Transmutation/Earth          6
   d - Iron Shot                      Conjuration/Earth            6
   e - Shatter                        Earth                        9
 K - a book of Spatial Translocations

   Spells                             Type                      Level
   a - Apportation                    Translocation                1
   b - Blink                          Translocation                2
   c - Shroud of Golubria             Charms/Translocation         2
   d - Portal Projectile              Translocation                3
   e - Teleport Other                 Translocation                3
   f - Passage of Golubria            Translocation                4
 Q - Hados's Beginning Course on Witchery
   (You found it on level 1 of the Vaults)

   Spells                             Type                      Level
   a - Magic Dart                     Conjuration                  1
   b - Flame Tongue                   Conjuration/Fire             1
   c - Summon Small Mammal            Summoning                    1
   d - Apportation                    Translocation                1
   e - Beastly Appendage              Transmutation                1
Miscellaneous
 c - a box of beasts {used: 3}
Comestibles
 b - 3 bread rations
 g - 10 fruits
 p - 5 royal jellies
 s - 3 meat rations
 M - 4 slices of pizza
 P - 11 beef jerkies


   Skills:
 - Level 16.4 Fighting
 - Level 8.1 Short Blades
 - Level 10.0 Armour
 - Level 2.4 Dodging
 + Level 11.3 Stealth
 - Level 11.5 Shields
 - Level 15.3 Unarmed Combat
 - Level 12.8 Spellcasting
 - Level 15.4 Transmutations
 - Level 4.0 Air Magic
 - Level 15.2 Earth Magic
 + Level 9.0 Invocations


You had 36 spell levels left.
You knew the following spells:

 Your Spells              Type           Power        Failure   Level  Hunger
a - Silence               Hex/Air        ##........   99%         5    #####..
b - Statue Form           Trmt/Erth      #####....    6%          6    ######.


Dungeon Overview and Level Annotations

Branches:
Dungeon (15/15)            Temple (1/1) D:7            Lair (8/8) D:8
  Swamp (4/4) Lair:3       Spider (4/4) Lair:4        Slime (0/6) Lair:7
    Orc (4/4) D:10            Elf (0/3) Orc:3        Vaults (5/5) D:13
  Crypt (0/3) Vaults:2     Depths (4/5) D:15

Altars:
Ashenzari
Cheibriados
Dithmenos
Elyvilon
Fedhas
Gozag
Kikubaaqudgha
Makhleb
Nemelex Xobeh
Okawaru
Qazlal
Ru
Sif Muna
Trog
Vehumet
Xom
Yredelemnul
Zin
The Shining One
Beogh
Jiyva
Lugonu

Shops:
D:6 %   D:8 [?[%[   D:14 (   D:15 }   Orc:2 *   Orc:4 ([*:   Lair:1 [
Vaults:3 (   Vaults:4 *

Portals:
Hell: Lair:8 Depths:1 Depths:2 Depths:3
Abyss: Depths:1 Depths:3
Pandemonium: Depths:3
Ziggurat: Depths:4
Trove: Depths:1 (give +4 demon trident)

Annotations:
D:6 exclusion: door
Depths:1 exclusion: door
Depths:4 exclusion: door


Innate Abilities, Weirdness & Mutations

You have razor-sharp teeth.
You regenerate.
When hurt, damage is shared between your health and your magic reserves.
Your bite disrupts and absorbs the magic of your enemies.
Potions and wands cannot restore your health.
You are immune to rotting.


Message History

You are too injured to fight recklessly!
You are too injured to fight recklessly!
You are too injured to fight recklessly!
You hit the stone giant. You bite the stone giant. You drain its power.
You feel invigorated.
The stone giant is moderately wounded.
You block the stone giant's attack.
You punch the stone giant! You bite the stone giant. You drain its power.
You feel invigorated.
The stone giant is heavily wounded.
The stone giant hits you!!!
* * * LOW HITPOINT WARNING * * *
You hit the stone giant. Your bite misses the stone giant.
The stone giant is heavily wounded.
The stone giant barely misses you. The stone giant misses you.
You punch the stone giant!
You bite the stone giant, but do no damage.
The stone giant is heavily wounded.
The stone giant hits you!!
You die...

########### #########
...........# #........
...........# #.....(..
...........# #........
...........# #....<...
...........#########........
...........@C......#........
...........#######.#........
######'#### ##.#........ #.#
#..#........ #.# #..#........
########.#########..'........
....................#........
#######.##########+##........
### ### ### #######'#


You could see a stone giant (berserk).

Vanquished Creatures
  Norris (Spider:2)
  Nikola (Spider:1)
  Jory (Vaults:2)
  the Enchantress (Depths:1)
  A profane servitor (Abyss:1)
  A bone dragon (Abyss:1)
  Arachne (Spider:2)
  A lich (Depths:4)
  Rupert (Lair:5)
  3 tentacled monstrosities
  A titan (Depths:4)
  Asterion (Spider:1)
  2 tentacled starspawn (Abyss:1)
  A sphinx (Vaults:4)
  A thorn hunter (Swamp:4)
  Frances (Spider:2)
  A revenant (Vaults:2)
  Wiglaf (Vaults:1)
  3 frost giants
  6 fire giants
  Donald (Swamp:2)
  A daeva (Abyss:1)
  4 ghost moths
  Louise (Swamp:3)
  14 vault wardens
  7 emperor scorpions
  An orc warlord (Depths:3)
  3 spriggan defenders (Depths:1)
  12 ironheart preservers
  A reaper (Depths:3)
  A vampire knight (Depths:2)
  A very ugly thing (Depths:4)
  15 stone giants
  Azrael (Spider:1)
  An eidolon (Vaults:2)
  9 ettins
  A deep elf death mage (Vaults:2)
  3 death oozes (Depths:2)
  8 fire dragons
  Josephine (D:14)
  The ghost of smajdalf the Destroyer, a journeyman DrCj of Ru (D:12)
  8 yaktaur captains
  14 vault guards
  18 great orbs of eyes
  4 rakshasas
  10 ice dragons
  29 hydras
  4 spriggan air magi
  6 centaur warriors
  A death knight (Abyss:1)
  11 ogre magi
  8 entropy weavers
  12 alligators
  3 death yaks (Lair:7)
  6 tengu warriors
  An anaconda (Lair:4)
  6 spriggan berserkers
  6 deep troll shamans
  5 deep troll earth magi
  Urug (Lair:4)
  A soul eater (Depths:3)
  5 hell knights
  11 spriggans
  A hell hog (Abyss:1)
  Sonja (Lair:3)
  A deep elf knight (D:13)
  A wretched star (Abyss:1)
  2 sun demons
  4 unseen horrors
  A skeletal warrior (D:13)
  A shadow wraith (Vaults:3)
  An iron troll (Depths:2)
  5 harpies (Vaults:1)
  7 wizards
  23 deep trolls
  3 shambling mangroves
  10 swamp dragons
  A giant orange brain (Vaults:1)
  A putrid demonspawn (Depths:3)
  3 spriggan druids
  A tengu zombie (Depths:3)
  19 ironbrand convokers
  3 hill giants
  16 orc knights
  The ghost of grizfap the Ducker, a novice DrBe of Trog (D:7)
  42 ugly things
  2 flayed ghosts
  A harpy (shapeshifter) (Vaults:2)
  A sphinx zombie (Depths:3)
  8 necromancers
  An anubis guard (shapeshifter) (Vaults:1)
  A faun (shapeshifter) (Depths:1)
  4 sixfirhies
  15 orb spiders
  17 wolf spiders
  10 hornets
  A manticore (D:15)
  2 deep elf conjurers
  2 orc sorcerers
  An elephant (shapeshifter) (Depths:2)
  15 cyclopes
  An octopode (shapeshifter) (D:10)
  A sphinx skeleton (Depths:3)
  A moth of wrath (Spider:4)
  A centaur zombie (D:13)
  A worldbinder (Abyss:1)
  A stone giant skeleton (Abyss:1)
  7 elephants
  2 frost giant skeletons
  A smoke demon (Lair:8)
  A guardian serpent (shapeshifter) (Vaults:1)
  10 griffons
  10 vault sentinels
  7 black mambas
  4 gargoyles
  4 kobold demonologists
  3 orange demons (Lair:8)
  A torpor snail (Lair:8)
  2 guardian serpents (D:10)
  19 spiny frogs
  6 fire drakes
  40 yaktaurs
  7 komodo dragons
  5 trolls
  A redback zombie (D:14)
  An efreet (D:15)
  2 freezing wraiths
  3 red devils (Lair:8)
  7 demonic crawlers
  4 tengu conjurers
  3 deep elf priests
  19 jumping spiders
  A jumping spider (shapeshifter) (Depths:4)
  4 blue devils (Lair:8)
  3 ancient zymes (Abyss:1)
  A hellwing (Abyss:1)
  A merfolk (D:11)
  2 boulder beetles
  12 two-headed ogres
  Grinder (D:3)
  10 giant leeches
  2 wolf spider simulacra (D:13)
  A polar bear (Lair:8)
  5 raiju (Abyss:1)
  30 slime creatures
  16 blink frogs
  6 bog bodies
  A queen bee (shapeshifter) (Vaults:3)
  A shapeshifter (Depths:1)
  41 redbacks
  Sigmund (D:5)
  A shadow (Vaults:2)
  6 starcursed masses (Abyss:1)
  A centaur simulacrum (D:15)
  3 vampires
  A trapdoor spider (shapeshifter) (Vaults:2)
  2 deep elf magi
  24 tarantellas
  71 yaks
  5 basilisks
  6 golden eyes (Abyss:1)
  5 water elementals
  11 hippogriffs
  2 humans (D:7)
  18 trapdoor spiders
  6 wraiths
  2 ynoxinuls (Abyss:1)
  3 fire elementals (Spider:1)
  4 wyverns
  2 deep elf fighters
  A basilisk (shapeshifter) (Depths:1)
  A hog (shapeshifter) (Depths:3)
  13 wolves
  5 mottled dragons
  22 vampire mosquitoes
  22 swamp worms
  A hungry ghost (D:13)
  A neqoxec (Abyss:1)
  10 wargs
  8 insubstantial wisps (Swamp:2)
  20 water moccasins
  13 porcupines
  12 swamp drakes
  3 hell hounds (Spider:1)
  3 ice beasts
  19 wasps
  5 phantoms
  50 spiders
  8 sky beasts
  6 black bears
  47 ogres
  2 necrophages
  9 centaurs
  10 crocodiles
  39 orc warriors
  11 boggarts
  3 large abominations (Abyss:1)
  28 giant frogs
  An elf zombie (D:9)
  6 big kobolds
  An elf skeleton (D:9)
  2 wyvern skeletons
  A glowing shapeshifter simulacrum (Depths:3)
  3 scorpions
  18 wights
  23 killer bees
  A troll skeleton (D:9)
  6 electric eels
  7 crimson imps
  4 giant frog zombies
  A jelly (shapeshifter) (Vaults:2)
  11 hounds
  A wasp zombie (D:11)
  13 centaur skeletons
  4 giant frog skeletons
  36 orc priests
  A quasit (Abyss:1)
  11 jellies
  4 human zombies (D:9)
  4 hell rats (Lair:7)
  A human skeleton (D:9)
  6 iguanas
  5 worker ants
  25 orc wizards
  An ogre zombie (D:9)
  21 sheep
  A killer bee zombie (D:5)
  2 hound skeletons (D:5)
  2 worker ant zombies
  80 river rats
  4 gnolls
  10 adders
  4 shadow imps
  22 oozes
  An adder zombie (D:9)
  An adder skeleton (D:6)
  A worm (D:2)
  16 giant geckos
  182 orcs
  8 bats
  13 giant cockroaches
  8 goblins
  13 hobgoblins
  20 jackals
  15 kobolds
  5 quokkas
  14 ball pythons
  15 giant newts
  A jackal zombie (D:5)
  An orc zombie (D:9)
  A quokka skeleton (D:6)
  A quokka zombie (D:5)
  16 rats
  A spectral orc (D:8)
  A starspawn tentacle (Abyss:1)
2052 creatures vanquished.

Vanquished Creatures (collateral kills)
  A redback (Spider:1)
  A swamp worm (Swamp:1)
  A river rat (Lair:5)
  A plant (Lair:5)
4 creatures vanquished.

Vanquished Creatures (others)
  A fire giant (Depths:1)
  A stone giant (Depths:2)
  A fire dragon (Depths:2)
  An ice dragon (Depths:2)
  2 ogre magi
  An orc high priest (Depths:3)
  An iron troll (Depths:2)
  2 hell knights
  A wizard (Depths:2)
  An unseen horror (Vaults:1)
  A necromancer (Depths:3)
  A redback (Spider:4)
  A tarantella (Spider:1)
  2 orc warriors (Depths:3)
  A spider (Spider:1)
  An ogre (Depths:1)
  3 boggarts
  A wasp (Swamp:4)
  A big kobold (shapeshifter) (Vaults:4)
  A small abomination (Abyss:1)
  2 orc priests
  An orc wizard (Depths:3)
  11 fungi
  A lurking horror (Abyss:1)
  A plant (Lair:1)
  5 starspawn tentacles (Abyss:1)
  4 starspawn tentacle segments (Abyss:1)
50 creatures vanquished.

Grand Total: 2106 creatures vanquished

Notes
Turn   | Place    | Note
--------------------------------------------------------------
     0 | D:1      | Arkorax the Vine Stalker Monk began the quest for the Orb.
     0 | D:1      | Reached XP level 1. HP: 11/11 MP: 2/2
   183 | D:1      | Reached XP level 2. HP: 12/16 MP: 3/3
   440 | D:1      | Reached XP level 3. HP: 20/20 MP: 4/4
   726 | D:2      | Reached XP level 4. HP: 24/24 MP: 5/5
   956 | D:2      | Reached skill level 5 in Unarmed Combat
   958 | D:2      | Found a glowing silver altar of Zin.
  1575 | D:3      | Noticed Grinder
  1579 | D:3      | Paralysed by Grinder for 2 turns
  1598 | D:3      | Killed Grinder
  1598 | D:3      | Reached XP level 5. HP: 16/30 MP: 3/6
  1598 | D:3      | Gained mutation: You heal very quickly. [Vine Stalker growth]
  1598 | D:3      | Reached XP level 6. HP: 18/35 MP: 3/7
  1716 | D:4      | Reached skill level 5 in Fighting
  1716 | D:4      | Reached skill level 6 in Unarmed Combat
  1919 | D:4      | Reached XP level 7. HP: 31/39 MP: 8/8
  2126 | D:4      | Found a glowing drain.
  2137 | Sewer    | Entered a sewer
  2356 | Sewer    | Reached skill level 7 in Unarmed Combat
  2659 | D:4      | Gained mutation: You have razor-sharp teeth. [Vine Stalker growth]
  2659 | D:4      | Reached XP level 8. HP: 44/44 MP: 9/9
  2707 | D:5      | Entered Level 5 of the Dungeon
  2722 | D:5      | Noticed Sigmund
  2759 | D:5      | Killed Sigmund
  2804 | D:5      | Reached skill level 8 in Unarmed Combat
  3307 | D:6      | Reached skill level 9 in Unarmed Combat
  3307 | D:6      | Reached XP level 9. HP: 47/51 MP: 10/10
  3373 | D:6      | Found a bloodstained altar of Trog.
  3448 | D:6      | Found a radiant altar of Vehumet.
  3767 | D:6      | Found a deep blue altar of Sif Muna.
  4225 | D:6      | Reached skill level 10 in Unarmed Combat
  4267 | D:6      | Found Qike's Food Shoppe.
  4540 | D:7      | Noticed grizfap's ghost (novice DrBe)
  4551 | D:7      | Killed grizfap's ghost
  4551 | D:7      | Reached XP level 10. HP: 58/58 MP: 9/11
  4601 | D:7      | Found a staircase to the Ecumenical Temple.
  4641 | D:7      | Found a snail-covered altar of Cheibriados.
  4672 | Temple   | Entered the Ecumenical Temple
  4687 | Temple   | Became a worshipper of Gozag Ym Sagoz the Greedy
  4744 | D:7      | Found an iron altar of Okawaru.
  4837 | D:7      | Found a blossoming altar of Fedhas.
  5303 | D:7      | Found a shattered altar of Ashenzari.
  5354 | D:7      | Reached skill level 11 in Unarmed Combat
  5561 | D:8      | Found a staircase to the Lair.
  5682 | D:8      | Reached skill level 10 in Fighting
  6079 | D:8      | Found a basalt altar of Yredelemnul.
  6697 | Lair:1   | Entered Level 1 of the Lair of Beasts
  6851 | D:9      | Found a sparkling altar of Nemelex Xobeh.
  6898 | D:9      | Reached skill level 12 in Unarmed Combat
  6907 | D:9      | Reached XP level 11. HP: 43/64 MP: 12/12
  7274 | D:9      | Found an ancient bone altar of Kikubaaqudgha.
  7419 | D:9      | Found a white marble altar of Elyvilon.
  7583 | D:10     | Entered Level 10 of the Dungeon
  7639 | Lair:1   | Noticed an eight-headed hydra
  7664 | Lair:1   | Killed an eight-headed hydra
  8061 | Lair:1   | Bought a twisted large shield for 171 gold pieces
  8061 | Lair:1   | Bought a crude scale mail for 162 gold pieces
  8061 | Lair:1   | Bought a dazzling helmet for 171 gold pieces
  8071 | Lair:1   | Identified the cursed +0 helmet "Yschan" {rF+ MP+9} (You bought it in a shop on level 1 of the Lair of Beasts)
  8081 | Lair:1   | Identified the cursed +0 scale mail of Fashionability {+Inv rPois MR+ Dex-2} (You bought it in a shop on level 1 of the Lair of Beasts)
  8086 | Lair:1   | Identified the +1 large shield "Nunti Bij" {rElec rCorr Dex-3} (You bought it in a shop on level 1 of the Lair of Beasts)
  8693 | Lair:2   | Reached skill level 13 in Unarmed Combat
  8902 | Lair:2   | Reached skill level 1 in Armour
  9610 | Lair:3   | Gained mutation: You regenerate. [Vine Stalker growth]
  9610 | Lair:3   | Reached XP level 12. HP: 62/72 MP: 13/13
  9753 | Lair:3   | Found a staircase to the Swamp.
 10304 | Lair:3   | Noticed Sonja
 10314 | Lair:3   | Killed Sonja
 10705 | Lair:4   | Reached skill level 5 in Armour
 10718 | Lair:4   | Found a hole to the Spider Nest.
 10812 | Lair:4   | Noticed an anaconda
 10962 | Lair:4   | Noticed Urug
 11082 | Lair:4   | Killed Urug
 11156 | Lair:4   | Killed an anaconda
 11884 | Lair:5   | Noticed Rupert
 11965 | Lair:5   | Killed Rupert
 11965 | Lair:5   | Reached XP level 13. HP: 73/78 MP: 14/14
 12379 | Lair:5   | Reached skill level 14 in Fighting
 13722 | Lair:1   | Bought the +27 Lear's hauberk for 2341 gold pieces
 14075 | Lair:6   | Reached skill level 1 in Shields
 14180 | Lair:7   | Found a staircase to the Slime Pits.
 15099 | Lair:7   | Reached skill level 5 in Shields
 15099 | Lair:7   | Reached XP level 14. HP: 80/84 MP: 15/15
 15367 | Lair:8   | Entered Level 8 of the Lair of Beasts
 15486 | Lair:8   | Reached skill level 1 in Spellcasting
 15894 | Lair:8   | Found a shattered altar of Ashenzari.
 16025 | Lair:8   | Reached skill level 15 in Fighting
 16390 | Lair:8   | Found a burning altar of Makhleb.
 16803 | Lair:8   | Found a gateway to Hell.
 17279 | D:10     | Found a staircase to the Orcish Mines.
 18077 | D:8      | Bought the +2 pair of boots of the Assassin {DetectMon Stab+ Stlth++} for 325 gold pieces
 18091 | Lair:1   | Bought a runed plate armour for 414 gold pieces
 18974 | D:11     | Reached skill level 5 in Spellcasting
 19051 | D:11     | Reached skill level 10 in Armour
 19095 | D:11     | Reached XP level 15. HP: 90/90 MP: 23/23
 20179 | D:12     | Noticed smajdalf's ghost (journeyman DrCj)
 20223 | D:12     | Killed smajdalf's ghost
 20540 | D:13     | Found a gate to the Vaults.
 21257 | D:13     | Reached skill level 5 in Stealth
 21689 | D:8      | Bought a pair of embroidered boots for 126 gold pieces
 22011 | D:14     | Noticed Josephine
 22026 | D:14     | Killed Josephine
 22082 | D:14     | Found Foneoloc's Antique Weapon Boutique.
 22562 | D:14     | Bought an ivory greatsling for 560 gold pieces
 22564 | D:14     | Identified the +1 greatsling of Dissent {velocity, rC+ Str+8} (You bought it in a shop on level 14 of the Dungeon)
 22827 | D:15     | Entered Level 15 of the Dungeon
 22873 | D:15     | Found Helexzur's Gadget Shoppe.
 23205 | D:15     | Reached skill level 16 in Fighting
 23600 | D:15     | Found a staircase to the Depths.
 23613 | D:15     | Reached skill level 15 in Unarmed Combat
 23715 | D:15     | Found an iron altar of Okawaru.
 24060 | Orc:1    | Entered Level 1 of the Orcish Mines
 24388 | Orc:2    | Found Zeleypaiwn's Assorted Antiques.
 24389 | Orc:2    | Found a roughly hewn altar of Beogh.
 24432 | Orc:2    | Bought an ichor-stained plate armour for 644 gold pieces
 24444 | Orc:2    | Identified the +5 plate armour "Ebump" {Int+3} (You bought it in a shop on level 2 of the Orcish Mines)
 25072 | Orc:3    | Found a staircase to the Elven Halls.
 25218 | Orc:3    | Reached XP level 16. HP: 80/96 MP: 25/25
 25385 | Orc:4    | Entered Level 4 of the Orcish Mines
 25417 | Orc:4    | Found Icerechefe's Antique Weapon Emporium.
 25493 | Orc:4    | Found Xytyxul's Antique Armour Shop.
 25627 | Orc:4    | Found Mamuus's General Store.
 25717 | Orc:4    | Found Nawup's Book Boutique.
 26513 | D:8      | Bought a scroll of teleportation for 42 gold pieces
 26513 | D:8      | Bought a scroll of teleportation for 42 gold pieces
 26608 | Swamp:1  | Entered Level 1 of the Swamp
 26797 | Swamp:1  | Identified a scroll of acquirement
 27411 | Swamp:2  | Learned a level 5 spell: Silence
 27418 | Swamp:2  | Learned a level 6 spell: Statue Form
 27595 | D:8      | Bought the +1 robe "Weto" {rElec rPois rF+} for 370 gold pieces
 27759 | Swamp:2  | Reached skill level 1 in Transmutations
 27759 | Swamp:2  | Reached skill level 1 in Air Magic
 28293 | Swamp:2  | Noticed Donald
 28306 | Swamp:2  | Killed Donald
 28873 | Swamp:3  | Reached skill level 1 in Earth Magic
 28904 | Swamp:3  | Noticed Louise
 29072 | Swamp:3  | Killed Louise
 29072 | Swamp:3  | Reached skill level 5 in Transmutations
 29713 | Swamp:4  | Entered Level 4 of the Swamp
 30296 | Swamp:4  | Noticed a thorn hunter
 30404 | Swamp:4  | Reached XP level 17. HP: 44/101 MP: 17/26
 30663 | Swamp:4  | Reached skill level 5 in Earth Magic
 30793 | Swamp:3  | HP: 4/101 [eight-headed hydra (2)]
 31095 | Swamp:4  | Killed a thorn hunter
 31683 | Swamp:4  | Got a decaying rune of Zot
 32080 | Spider:1 | Entered Level 1 of the Spider Nest
 32434 | Spider:1 | Noticed Nikola
 32457 | Spider:1 | Killed Nikola
 32755 | Spider:1 | Noticed Azrael
 32771 | Spider:1 | Killed Azrael
 32864 | Spider:1 | Noticed Asterion
 32890 | Spider:1 | Killed Asterion
 33856 | Spider:2 | Noticed Arachne
 33889 | Spider:2 | Killed Arachne
 34523 | Spider:2 | Noticed Norris
 34544 | Spider:2 | Reached skill level 10 in Transmutations
 34579 | Spider:2 | Killed Norris
 34891 | Spider:2 | Reached XP level 18. HP: 86/107 MP: 27/27
 35317 | Spider:2 | Noticed Frances
 35344 | Spider:2 | Killed Frances
 35947 | Spider:3 | Reached skill level 10 in Earth Magic
 37191 | Spider:4 | Entered Level 4 of the Spider Nest
 37993 | Spider:4 | Got a slimy ring mail
 38004 | Spider:4 | Identified the cursed +1 ring mail "Xasukuan" {rC+ Int+7 Dex-2} (You found it on level 4 of the Spider Nest)
 38972 | Vaults:1 | Entered Level 1 of the Vaults
 39233 | Vaults:1 | Noticed a tentacled monstrosity
 39239 | Vaults:1 | Killed a tentacled monstrosity
 39304 | Vaults:1 | Found a flickering gateway to a bazaar.
 39487 | Vaults:1 | Noticed Wiglaf
 39496 | Vaults:1 | HP: 4/139 [Wiglaf/broad axe of chopping (13)]
 39636 | Vaults:1 | Reached XP level 19. HP: 60/111 MP: 19/28
 39818 | Vaults:1 | Killed Wiglaf
 40815 | Vaults:1 | Identified Hados's Beginning Course on Witchery
 41267 | Vaults:2 | Paralysed by a giant eyeball for 2 turns
 41272 | Vaults:2 | Paralysed by a giant eyeball for 2 turns
 41279 | Vaults:2 | Paralysed by a giant eyeball for 4 turns
 41447 | Vaults:2 | Got an ancient lapis lazuli ring
 41448 | Vaults:2 | Identified the ring "Moec" {rElec rF+ MP+9 Str+3 Int-4} (You found it on level 2 of the Vaults)
 41731 | Vaults:2 | Noticed Jory
 41794 | Vaults:2 | Killed Jory
 42014 | Vaults:2 | Found a glowing golden altar of the Shining One.
 42608 | Vaults:2 | Found a staircase to the Crypt.
 42975 | Vaults:3 | Found a flickering gateway to a bazaar.
 42984 | Bazaar   | Entered a bazaar
 42984 | Bazaar   | Found Onwuurcho's Antique Armour Shoppe.
 42984 | Bazaar   | Found Aghaoses's Antique Armour Shoppe.
 42984 | Bazaar   | Found Uzavack's Magic Scroll Shop.
 42986 | Bazaar   | Found Olonuer's Magic Scroll Emporium.
 43347 | Vaults:3 | HP: 3/144 [vault warden/long sword of draining (11)]
 43349 | Vaults:3 | Reached XP level 20. HP: 2/116 MP: 26/34
 43354 | Vaults:3 | HP: 6/150 [white ugly thing (1)]
 44262 | Vaults:3 | Found a burning altar of Makhleb.
 44766 | Vaults:4 | Reached skill level 10 in Spellcasting
 45067 | Vaults:4 | Found Hutiaf's General Store.
 45111 | Vaults:4 | Reached skill level 15 in Transmutations
 45158 | Vaults:4 | Reached skill level 15 in Earth Magic
 45913 | Vaults:5 | Entered Level 5 of the Vaults
 46535 | Spider:4 | Reached XP level 21. HP: 120/120 MP: 36/36
 46907 | Spider:4 | Got a gossamer rune of Zot
 47953 | Depths:1 | Entered Level 1 of the Depths
 47953 | Depths:1 | Found a portal to a secret trove of treasure.
 48088 | Depths:1 | Reached skill level 10 in Shields
 48214 | Depths:1 | Noticed the Enchantress
 48501 | Depths:1 | Found a corrupted altar of Lugonu.
 49536 | Depths:1 | Cast into the Abyss (the Enchantress)
 50082 | Abyss:1  | Found a shimmering altar of Xom.
 50323 | Abyss:1  | Found a corrupted altar of Lugonu.
 50330 | Abyss:1  | Fell from the grace of Gozag
 50330 | Abyss:1  | Became a worshipper of Lugonu the Unformed
 50330 | Abyss:1  | Reached * piety under Lugonu
 50331 | Depths:1 | Escaped the Abyss
 50665 | Depths:1 | Killed the Enchantress
 50674 | Depths:1 | Got a faerie dragon armour
 50736 | Depths:1 | Identified the +7 faerie dragon armour {rF+ Regen+ SInv} (You took it off the Enchantress on level 1 of the Depths)
 51551 | Depths:1 | Found a one-way gate to the infinite horrors of the Abyss.
 51569 | Depths:1 | Reached skill level 1 in Short Blades
 51574 | Depths:1 | Reached skill level 1 in Invocations
 52022 | Depths:2 | Reached XP level 22. HP: 125/125 MP: 39/39
 52126 | Depths:1 | Reached ** piety under Lugonu
 52366 | Depths:1 | Reached skill level 5 in Short Blades
 52538 | Depths:2 | Reached *** piety under Lugonu
 53008 | Depths:2 | Reached skill level 5 in Invocations
 53236 | Depths:2 | Found a viscous altar of Jiyva.
 53250 | Depths:2 | Noticed a golden dragon
 53350 | Depths:2 | Reached **** piety under Lugonu
 53838 | Depths:3 | Reached ***** piety under Lugonu
 53960 | Depths:3 | Found a roughly hewn altar of Beogh.
 54207 | Depths:3 | Found a one-way gate leading to the halls of Pandemonium.
 55114 | Depths:4 | Found a gateway to a ziggurat.
 55175 | Depths:4 | Reached skill level 10 in Stealth
 55408 | Depths:4 | Reached XP level 23. HP: 108/129 MP: 40/40
 55532 | Depths:4 | Noticed a caustic shrike
 55762 | Depths:4 | Mangled by a stone giant

Action                   |  1- 3 |  4- 6 |  7- 9 | 10-12 | 13-15 | 16-18 | 19-21 | 22-24 || total
-------------------------+-------+-------+-------+-------+-------+-------+-------+-------++-------
Melee: Unarmed           |   119 |   155 |   516 |   864 |  2087 |  1945 |  1499 |   320 ||  7505
       Quick blade       |       |       |       |       |       |       |     1 |   543 ||   544
 Cast: Statue Form       |       |       |       |       |       |     6 |    48 |    24 ||    78
Invok: Call Merchant     |       |       |       |     1 |     2 |     1 |     3 |       ||     7
       Potion Petition   |       |       |       |     1 |     1 |     9 |     4 |       ||    15
       Depart the Abyss  |       |       |       |       |       |       |     1 |       ||     1
Evoke: Wand              |       |       |       |     6 |     7 |    17 |     3 |     1 ||    34
       Sack of spiders   |       |       |       |     7 |       |       |       |       ||     7
       Box of beasts     |       |       |       |       |       |     3 |       |       ||     3
       Phantom mirror    |       |       |       |       |       |       |     1 |       ||     1
  Use: Potion            |       |     2 |     1 |     6 |     7 |    12 |     3 |       ||    31
       Scroll            |       |       |       |    18 |    19 |    23 |    16 |    13 ||    89
 Stab: Sleeping          |     1 |       |       |       |       |     7 |    33 |     6 ||    47
       Distracted        |       |       |       |    16 |    27 |    14 |    25 |     1 ||    83
       Confused          |       |       |       |     6 |       |       |     1 |       ||     7
       Invisible         |       |       |       |       |     7 |    21 |     4 |     3 ||    35
       Held in net/web   |       |       |       |       |       |     1 |       |       ||     1
  Eat: Chunk             |       |     1 |       |       |     1 |       |     1 |       ||     3
       Pizza             |       |     1 |       |       |       |       |       |       ||     1
       Meat ration       |       |     1 |       |     3 |     9 |     3 |     6 |     3 ||    25
       Bread ration      |       |       |     2 |     2 |     1 |    10 |     7 |     1 ||    23
       Royal jelly       |       |       |       |       |       |       |     2 |     1 ||     3
       Fruit             |       |       |       |       |       |       |       |     4 ||     4
